 Dungeon Crawl Stone Soup version 0.19-a0-465-g1d1674b (webtiles) character file.

56 Ijustatesigmund the Magician (level 3, 0/17 HPs)
             Began as a Spriggan Wizard on June 3, 2016.
             Succumbed to an adder's poison
             ... in a sewer.
             The game lasted 00:09:32 (1389 turns).

Ijustatesigmund the Magician (Spriggan Wizard)      Turns: 1389, Time: 00:09:33

Health: 0/17       AC:  2    Str:  3    XL:     3   Next: 71%
Magic:  9/9        EV: 18    Int: 19    God:
Gold:   81         SH:  0    Dex: 15    Spells: 2 memorised, 7 levels left

rFire  . . .     SeeInvis +     e - +0 dagger
rCold  . . .     Gourm    .     a - +0 robe
rNeg   . . .     Faith    .     (shield restricted)
rPois  .         Spirit   .     b - +0 hat
rElec  .         Dismiss  .     (no cloak)
rCorr  .         Reflect  .     (gloves unavailable)
SustAt .         Harm     .     (boots unavailable)
MR     .....                    (no amulet)
Stlth  +++.......               (no ring)
                                (no ring)

@: lethally poisoned (0 -> -11), very quick, not resistant to hostile
enchantments, fairly stealthy
A: unfitting armour, see invisible, herbivore 3, speed 3, slow metabolism 2
a: no special abilities


You were in a sewer.
You were not hungry.

You visited 1 branch of the dungeon, and saw 3 of its levels.
You also visited: Sewer.

You collected 81 gold pieces.

Inventory:

Hand Weapons
 e - a +0 dagger (weapon)
Missiles
 h - 15 poisoned needles
Armour
 a - a +0 robe (worn)
 b - a +0 hat (worn)
Potions
 i - a potion of brilliance {unknown}
Books
 c - a book of Minor Magic

   Spells                             Type                      Level
   a - Magic Dart                     Conjuration                  1
   b - Blink                          Translocation                2
   c - Call Imp                       Summoning                    2
   d - Repel Missiles                 Charms/Air                   2
   e - Slow                           Hexes                        2
   f - Conjure Flame                  Conjuration/Fire             3
   g - Mephitic Cloud                 Conjuration/Poison/Air       3
Comestibles
 d - 2 bread rations


   Skills:
 + Level 0.5 Fighting
 - Level 3.1 Short Blades
 - Level 3.0 Dodging
 + Level 3.7 Stealth
 - Level 4.0 Spellcasting
 - Level 0.6 Conjurations
   Level 0.7 Summonings
 - Level 1.5 Translocations


You had 7 spell levels left.
You knew the following spells:

 Your Spells              Type           Power        Failure   Level  Hunger
a - Magic Dart            Conj           #...         12%         1    None
b - Blink                 Tloc           N/A          12%         2    ##.....


Dungeon Overview and Level Annotations

Branches:
Dungeon (3/15)

Altars:
Ashenzari
Dithmenos
Okawaru
Pakellas
Sif Muna
Uskayaw


Innate Abilities, Weirdness & Mutations

You are tiny and cannot use many weapons and most armour.
You have supernaturally acute eyesight. (SInv)
You are a herbivore.
You cover ground extremely quickly.
You need consume almost no food.


Message History

The adder bites you.
You are poisoned.
The adder poisons you! The adder completely misses you.
You hit the adder.
The adder is lightly wounded.
You feel sick. The adder misses you. The adder closely misses you.
Found a ring mail.
You feel sick. The adder bites you.
You are lethally poisoned!
The adder poisons you!
There is a glowing drain here.
You feel sick. The adder completely misses you. The adder bites you.
* * * LOW HITPOINT WARNING * * *
The world spins around you as you enter the gateway.
You enter a sewer!
Found a gate leading back out of this place.
There is an empty arch of ancient stone here.
It was a potion of magic.
Magic courses through your body.
You die...

..≈≈≈≈≈≈≈
#≈.≈≈..≈#
##≈.....≈## .
##≈.≈.≈.≈.≈##≈≈
≈..≈≈≈...≈≈≈≈..
≈.≈......≈...≈.
..≈≈≈...≈..≈.≈≈
≈≈≈≈.∩.@.≈≈≈≈≈≈
≈≈≈≈≈....≈≈≈≈..
≈≈≈...≈....≈.≈≈
≈.≈≈.≈≈.≈..≈≈≈≈
##..≈..≈..≈##.≈
##≈.≈≈.≈≈## .
#≈.....≈#
.≈..≈.≈≈≈


There were no monsters in sight!

Vanquished Creatures
  3 adders
  A dart slug (D:2)
  A giant gecko (D:2)
  3 giant cockroaches
  3 goblins (D:2)
  A hobgoblin (D:2)
  2 jackals (D:2)
  3 ball pythons
  6 bats
  2 giant newts (D:2)
  4 kobolds (D:2)
  2 rats
31 creatures vanquished.

Notes
Turn   | Place    | Note
--------------------------------------------------------------
     0 | D:1      | Ijustatesigmund the Spriggan Wizard began the quest for the Orb.
     0 | D:1      | Reached XP level 1. HP: 9/9 MP: 6/6
   118 | D:2      | Found a shadowy altar of Dithmenos.
   133 | D:2      | Reached skill level 1 in Short Blades
   360 | D:2      | Reached XP level 2. HP: 13/13 MP: 1/8
   364 | D:2      | Learned a level 2 spell: Blink
   507 | D:2      | Reached XP level 3. HP: 16/16 MP: 0/9
   647 | D:2      | Found a hide-covered altar of Uskayaw.
   653 | D:2      | Found an oddly glowing altar of Pakellas.
  1194 | D:2      | Found a deep blue altar of Sif Muna.
  1251 | D:3      | Found a shattered altar of Ashenzari.
  1336 | D:3      | Found an iron altar of Okawaru.
  1358 | D:3      | Found a glowing drain.
  1388 | Sewer    | Entered a sewer
  1389 | Sewer    | Succumbed to an adder's poison

Vault maps used:
D:1:      minmay_arrival_checkered_box
D:2:      old_standard_altar, lemuel_crystal_altar, grunt_dithmenos_smoke,
          lemuel_blue_sif_altar, minmay_misc_feat_nine_boxes
D:3:      zin_scriptorium, okawaru_gym_becter, old_standard_altar, first_bread,
          gup_sewer_entry_glass
Sewer:    sewer_co_tree

Skill      XL: |  1  2  3 |
---------------+----------+-----
Short Blades   | 2 3 |  3.1
Fighting       | |  0.5
Dodging        | |  3.0
Stealth        | |  3.7
Spellcasting   | |  4.0
Conjurations   | |  0.6
Summonings     | |  0.7
Translocations | |  1.5

Action                   || total
-------------------------++-------
Melee: Dagger            ||    63
 Cast: Magic Dart        ||    72
  Use: Scroll            ||     3
       Potion            ||     3
 Stab: Sleeping          ||     3
Armor: Robe              ||    20
Dodge: Dodged            ||    85
